 Dungeon Crawl Stone Soup version 0.30-a0-305-g026cb31310 (webtiles) character file.

Game seed: 15901929502160712429

16793 ryw the Fighter (level 12, 0/97 HPs)
             Began as a Demonspawn Monk on Oct 22, 2022.
             Was the Champion of Hepliaklqana.
             Slain by an elephant (5 damage)
             ... in a Gauntlet.
             The game lasted 00:26:44 (13345 turns).

ryw the Fighter (Demonspawn Monk)                  Turns: 13345, Time: 00:26:44

Health: 0/97       AC:  8    Str: 11    XL:     12   Next: 13%
Magic:  20/20      EV: 18    Int: 11    God:    Hepliaklqana [******]
Gold:   626        SH:  0    Dex: 30    Spells: 22/22 levels left

rFire   + . .      SeeInvis .    a - +11 quarterstaff "Vuenunn" {vorpal, rF+ Will++ Dex+2 Stlth+}
rCold   . . .      Faith    .    (shield currently unavailable)
rNeg    . . .      Spirit   .    F - +0 steam dragon scales
rPois   .          Reflect  .    (helmet restricted)
rElec   .          Harm     .    (no cloak)
rCorr   +          Rampage  .    (no gloves)
Will    ++...      NoTele   +    d - +1 pair of boots
Stlth   ++++......               M - amulet of the acrobat
HPRegen 0.36/turn                i - +6 ring of dexterity
MPRegen 0.17/turn                v - ring of resist corrosion

@: invisible
A: reduced essence, hooves 1, horns 2, foul stench 3, demonic magic 1, demonic
touch 2
a: Renounce Religion, Recall Ancestor, Ancestor Identity, Transference, Idealise


You were in a Gauntlet.
You worshipped Hepliaklqana.
Hepliaklqana was exalted by your worship.
You visited 1 branch of the dungeon, and saw 11 of its levels.
You also visited: Bailey and Gauntlet.

You collected 626 gold pieces.

Inventory:

Hand Weapons
 a - the +11 quarterstaff "Vuenunn" (weapon) {vorpal, rF+ Will++ Dex+2 Stlth+}
   (You found it on level 7 of the Dungeon)

   It inflicts extra damage upon your enemies.
   Dex:       It affects your dexterity (+2).
   rF:        It protects you from fire.
   Will:      It greatly increases your willpower.
   Stlth:     It makes you more stealthy.
 b - a +3 sling of flaming
 N - a +4 antimagic sling
Missiles
 m - a throwing net
 x - 5 atropa-tipped darts
 E - 38 poisoned darts (quivered)
Armour
 d - a +1 pair of boots (worn)
 F - +0 steam dragon scales (worn)
 H - a +2 robe of cold resistance
Jewellery
 i - a +6 ring of dexterity (left hand)
 q - a ring of protection from fire
 v - a ring of resist corrosion (right hand)
 B - a ring of wizardry
 M - an amulet of the acrobat (around neck)
Wands
 t - a wand of iceblast (6)
 y - a wand of quicksilver (13)
 C - a wand of polymorph (12)
Scrolls
 c - 2 scrolls of blinking
 e - 4 scrolls of vulnerability
 g - 3 scrolls of poison
 k - 4 scrolls of teleportation
 o - 2 scrolls of magic mapping
 r - a scroll of enchant weapon
 D - a scroll of identify
 G - 3 scrolls of fear
 J - a scroll of brand weapon
Potions
 f - 3 potions of mutation
 h - 2 potions of attraction
 j - a potion of degeneration {unknown}
 l - a potion of curing
 n - 4 potions of cancellation
 p - a potion of lignification {unknown}
 s - 3 potions of flight {unknown}
 u - 2 potions of might {unknown}
 z - 6 potions of haste {unknown}
 A - 5 potions of brilliance {unknown}
 I - a potion of resistance
 K - 2 potions of heal wounds
Miscellaneous
 w - a condenser vane
 O - a piece from Xom's chessboard (15/15)


   Skills:
 - Level 14.4 Fighting
 * Level 8.7 Staves
 - Level 5.0 Armour
 + Level 6.3 Dodging
 - Level 1.7 Stealth
 - Level 2.6 Unarmed Combat
 + Level 5.6 Spellcasting


You had 22 spell levels left.
You didn't know any spells.
Your spell library contained the following spells:

 Spells                   Type           Power      Damage    Failure   Level
 Freeze                   Ice            12%        1d3       21%         1
 Necrotise                Necr           12%        1d4       21%         1
 Frozen Ramparts          Ice            6%         1d1       52%         3
 Hailstorm                Conj/Ice       3%         3d3       52%         3
 Kindle Blastsparks       Fire/Tloc/Air  6%         2d10      52%         3
 Ozocubu's Armour         Ice            3%         N/A       52%         3
 Stone Arrow              Conj/Erth      6%         3d7       52%         3
 Vampiric Draining        Necr           3%         2d6       52%         3
 Animate Armour           Summ/Erth      6%         N/A       90%         4
 Fulminant Prism          Conj/Hex       1%         3d6       90%         4
 Iskenderun's Mystic Bla  Conj/Tloc      3%         2d3       90%         4
 Agony                    Necr           3%         N/A       99%         5
 Blade Hands              Tmut           1%         N/A       99%         5
 Lee's Rapid Deconstruct  Erth           1%         3d4*      99%         5
 Iron Shot                Conj/Erth      1%         9d1       100%        6
 Ozocubu's Refrigeration  Ice            1%         4d7       100%        7
 Lehudib's Crystal Spear  Conj/Erth      1%         10d2      100%        8


Dungeon Overview and Level Annotations

Branches:
Dungeon (11/15)            Temple (0/1) D:5             Orc (0/2) D:9
 Bailey (visited)         Gauntlet (1/1)
   Lair: D:8-11

Altars:
Fedhas
Hepliaklqana
Vehumet
Xom

Shops:
D:8 :   D:9 [

Annotations:
D:4 3 runed translucent doors, hgbash's ghost, amateur DsNe
D:6 exclusion: statue Gauntlet 13 transporters


Innate Abilities, Weirdness & Mutations

Your life essence is reduced to manifest your ancestor. (-10% HP)
You have large cloven feet.
You have a pair of horns on your head.
You frequently emit foul miasma when damaged in melee.
Spells you cast may paralyse adjacent enemies.
Your touch may inflict irresistible damage on your foes.


Message History

The dire elephant is poisoned.
The dire elephant seems to slow down.
The dire elephant tramples you!!
You hold your ground!
The dire elephant trunk-slaps you.
You hit the dire elephant but do no damage.
The dire elephant is moderately wounded.
Yadidatum points at the elephant and mumbles some strange words.
The stone arrow hits the elephant!
The elephant closely misses you.
The elephant trunk-slaps you but does no damage.
The elephant is engulfed in dark miasma.
The elephant is poisoned.
The elephant barely misses you. The elephant closely misses you.
You fade into invisibility!
The dire elephant is no longer moving slowly.
The dire elephant is engulfed in dark miasma.
The dire elephant looks even sicker.
The dire elephant seems to slow down.
The dire elephant tramples you!!
* * * LOW HITPOINT WARNING * * *
You hold your ground!
The dire elephant completely misses you.
The elephant is engulfed in dark miasma.
The elephant looks even sicker.
The elephant tramples you but does no damage.
The elephant trunk-slaps you.
* * * LOW HITPOINT WARNING * * *
The shadow imp puffs mist at you. The elephant closely misses you.
The elephant trunk-slaps you.
* * * LOW HITPOINT WARNING * * *
Unknown command.
You feel better.
The dire elephant is no longer moving slowly.
The dire elephant is engulfed in dark miasma.
The dire elephant looks even sicker.
The dire elephant closely misses you. The dire elephant trunk-slaps you!
* * * LOW HITPOINT WARNING * * *
Yadidatum gestures at the elephant while chanting.
The stone arrow hits the elephant!!
The elephant is engulfed in dark miasma.
The elephant looks even sicker.
The elephant seems to slow down.
The elephant tramples you.
You die...

#################################
...........≈∩≈...................
.................................
.###########.###########.########
.#55(!©=5..#.#Y.$=©$...#.#Z.[:©.?
.#5#...###.#.#.#.....#.#.#Z.##.##
.#p###...#.#.#.##...##.#.#.#..#..
.#p55###...#.#.Y#####..#.#.#..#..
.#5#..©###5#.#.Y@R©Y...#.#..#####
.#.###...#.#.#.Y##.##..#.#.#.©#..
.#5..###...#.#.##...##.#.#.#..#..
.#.#...###.#.#.#.....#.#.#Z.##.##
.#.........#.#.........#.#Z......
#################################
......©#≈≈§≈8≈§≈≈#©...........©..
##############################.##
§#©.........©.........©#≈≈8≈≈#.#.


You could see the friendly Yadidatum the battlemage, a dire elephant (unable to
see you, very poisoned), 3 elephants and a shadow imp (unable to see you).

Vanquished Creatures
  Fannar (D:10)
  A centaur warrior (D:8)
  A tengu warrior (Gauntlet)
  2 two-headed ogres
  Pikel (D:5)
  An orc knight (Bailey)
  An ugly thing (D:8)
  A cyclops (D:8)
  2 gargoyles
  Maggie (D:9)
  2 kobold demonologists (D:10)
  A troll (D:11)
  A meliai (D:8)
  Sigmund (D:4)
  A wyvern (D:11)
  6 yaks
  A basilisk (D:8)
  3 acid dragons
  3 ice beasts
  2 orc warriors (Bailey)
  An ogre (D:7)
  2 centaurs
  A lemure (D:5)
  2 kobold brigands (D:8)
  2 bullfrogs
  A gnoll sergeant (D:6)
  2 scorpions
  8 wights
  4 killer bees
  A howler monkey (D:4)
  2 orc priests
  2 hounds
  2 jellies
  A gnoll bouda (D:4)
  Jessica (D:3)
  Ijyb (D:4)
  Natasha (D:3)
  2 orc wizards
  4 gnolls
  A shadow imp (D:6)
  A white imp (D:6)
  2 ufetubi
  A worm (D:4)
  A dart slug (D:1)
  26 orcs
  5 ball pythons
  2 bats (D:1)
  7 endoplasms
  3 giant cockroaches
  15 hobgoblins
  6 jackals
  11 kobolds
  3 quokkas (D:1)
  A frilled lizard (D:1)
  13 goblins
  5 rats
176 creatures vanquished.

Vanquished Creatures (collateral kills)
  A catoblepas (Gauntlet)
  A two-headed ogre (D:10)
  An orc knight (Bailey)
  Joseph (D:10)
  A kobold demonologist (D:11)
  A tengu conjurer (Gauntlet)
  A troll (D:8)
  Grinder (D:5)
  A hornet (D:7)
  6 yaks
  2 water moccasins
  2 sky beasts
  A black bear (D:7)
  6 orc warriors
  3 ice beasts
  An ogre (D:6)
  A centaur (D:7)
  Blork the orc (D:5)
  A bullfrog (D:8)
  4 necrophages
  5 wights
  2 killer bees (D:7)
  A howler monkey (D:6)
  2 hounds
  A gnoll bouda (D:6)
  2 iguanas
  2 orc priests
  6 orc wizards
  Natasha (twice) (D:3)
  Robin (D:4)
  8 gnolls
  2 adders
  2 shadow imps
  A white imp (D:6)
  20 orcs
  An endoplasm (D:3)
  12 goblins
  10 hobgoblins
  4 jackals (D:3)
  7 kobolds
  A quokka (D:4)
  A bat (D:3)
  2 frilled lizards (D:3)
132 creatures vanquished.

Vanquished Creatures (others)
  7 battlemagi
  A fungus (Gauntlet)
  17 plants (Gauntlet)
25 creatures vanquished.

Grand Total: 333 creatures vanquished

Notes
Turn   | Place    | Note
-------+----------+-------------------------------------------
     0 | D:1      | ryw the Demonspawn Monk began the quest for the Orb.
     0 | D:1      | Reached XP level 1. HP: 18/18 MP: 1/1
   220 | D:1      | Discovered your monstrous ancestry.
   220 | D:1      | Gained mutation: You have large cloven feet. [demonic
                  | ancestry]
   220 | D:1      | Reached XP level 2. HP: 22/24 MP: 2/2
   389 | D:1      | Reached skill level 4 in Fighting
   570 | D:1      | Gained mutation: Your touch may inflict minor irresistible
                  | damage on your foes. [demonic ancestry]
   570 | D:1      | Reached XP level 3. HP: 28/30 MP: 3/3
  1062 | D:2      | Found a faded altar of an unknown god.
  1088 | D:2      | Prayed at the altar of an unknown god.
  1088 | D:2      | Became a worshipper of Hepliaklqana the Forgotten
  1088 | D:2      | Reached * piety under Hepliaklqana
  1088 | D:2      | Reached ** piety under Hepliaklqana
  1629 | D:3      | Remembered your ancestor Yadidatum as a battlemage
  1659 | D:3      | Noticed Jessica
  1661 | D:3      | Reached *** piety under Hepliaklqana
  1664 | D:3      | Killed Jessica
  1665 | D:3      | Reached skill level 5 in Fighting
  1665 | D:3      | Gained mutation: Spells you cast may paralyse adjacent
                  | enemies. [demonic ancestry]
  1665 | D:3      | Reached XP level 4. HP: 35/35 MP: 4/4
  1692 | D:3      | Noticed Natasha
  1704 | D:3      | Killed Natasha
  1782 | D:3      | Found a faded altar of an unknown god.
  1786 | D:3      | Noticed Natasha
  1795 | D:3      | Killed Natasha
  1859 | D:3      | Noticed Natasha
  1868 | D:3      | Killed Natasha
  1869 | D:3      | Reached XP level 5. HP: 41/41 MP: 5/5
  1904 | D:3      | Reached skill level 6 in Fighting
  2804 | D:4      | Reached XP level 6. HP: 23/47 MP: 6/6
  2813 | D:4      | Reached skill level 7 in Fighting
  2858 | D:4      | Noticed Robin
  2863 | D:4      | Found a runed translucent gate.
  2864 | D:4      | Found a runed translucent gate.
  2865 | D:4      | Found a runed translucent gate.
  2874 | D:4      | Noticed hgbash's ghost (amateur DsNe)
  2882 | D:4      | Killed Robin
  3024 | D:4      | Noticed Sigmund
  3028 | D:4      | Reached **** piety under Hepliaklqana
  3033 | D:4      | Killed Sigmund
  3034 | D:4      | Reached skill level 8 in Fighting
  3034 | D:4      | Gained mutation: Your touch may inflict irresistible damage
                  | on your foes. [demonic ancestry]
  3034 | D:4      | Reached XP level 7. HP: 29/56 MP: 7/7
  3060 | D:4      | Noticed Ijyb
  3240 | D:4      | Killed Ijyb
  3335 | D:4      | Reached skill level 9 in Fighting
  3517 | D:5      | Entered Level 5 of the Dungeon
  3524 | D:5      | Found a staircase to the Ecumenical Temple.
  3733 | D:5      | Gained mutation: You may rarely emit foul miasma when
                  | damaged in melee. [demonic ancestry]
  3733 | D:5      | Reached XP level 8. HP: 53/61 MP: 8/8
  3757 | D:5      | Reached skill level 10 in Fighting
  3771 | D:5      | Noticed Blork the orc
  3777 | D:5      | Killed Blork the orc
  3911 | D:5      | Noticed Pikel
  3914 | D:5      | Noticed Grinder
  3917 | D:5      | Killed Pikel
  3918 | D:5      | Reached skill level 11 in Fighting
  3923 | D:5      | Killed Grinder
  3924 | D:5      | Reached skill level 12 in Fighting
  3987 | D:5      | Gained mutation: You sometimes emit foul miasma when
                  | damaged in melee. [demonic ancestry]
  3987 | D:5      | Reached XP level 9. HP: 50/73 MP: 9/9
  4746 | D:6      | Found a shimmering altar of Xom.
  5078 | D:6      | Reached skill level 13 in Fighting
  5094 | D:6      | Found a blossoming altar of Fedhas.
  5115 | D:6      | Reached ***** piety under Hepliaklqana
  5321 | D:6      | Found a radiant altar of Vehumet.
  6005 | D:7      | Reached skill level 14 in Fighting
  6345 | D:7      | Identified the +11 quarterstaff "Vuenunn" {vorpal, rF+
                  | Will++ Dex+2 Stlth+}
  6750 | D:7      | Reached skill level 1 in Staves
  6752 | D:7      | Gained mutation: You frequently emit foul miasma when
                  | damaged in melee. [demonic ancestry]
  6752 | D:7      | Reached XP level 10. HP: 57/85 MP: 10/10
  7967 | D:8      | Reached skill level 1 in Armour
  8002 | D:8      | Reached skill level 1 in Spellcasting
  8106 | D:8      | Found Akhlalam's Tremendous Tomes.
  8375 | D:8      | Noticed a centaur warrior
  8375 | D:8      | Noticed a red ugly thing
  8376 | D:8      | Noticed a two-headed ogre
  8382 | D:8      | Killed a centaur warrior
  8727 | D:8      | Killed a red ugly thing
  8728 | D:8      | Reached skill level 5 in Staves
  9051 | D:8      | Noticed a cyclops
  9263 | D:8      | Killed a two-headed ogre
  9327 | D:8      | Identified the +3 quarterstaff of Modesty {vorpal, Str+3}
  9404 | D:8      | Killed a cyclops
  9405 | D:8      | Gained mutation: You have a pair of small horns on your
                  | head. [demonic ancestry]
  9405 | D:8      | Reached XP level 11. HP: 36/90 MP: 14/16
  9721 | D:9      | Found Emmadwen's Weapon Boutique.
  9721 | D:9      | Found a staircase to the Orcish Mines.
  9729 | D:9      | Found Amytyor's Armour Boutique.
 10064 | D:9      | Noticed Maggie
 10071 | D:9      | Killed Maggie
 10438 | D:10     | Entered Level 10 of the Dungeon
 10457 | D:10     | Noticed a two-headed ogre
 10464 | D:10     | Killed a two-headed ogre
 10465 | D:10     | Reached skill level 5 in Dodging
 10570 | D:10     | Noticed a sixfirhy
 10577 | D:10     | HP: 3/90 [orc warrior/+0 dire flail (2)]
 10842 | D:10     | Noticed Fannar
 10851 | D:10     | Killed Fannar
 10971 | D:10     | Found a flagged portal.
 10977 | Bailey   | Entered a bailey
 11109 | Bailey   | Noticed an orc knight
 11123 | Bailey   | Killed an orc knight
 11472 | Bailey   | Noticed an orc knight
 11486 | Bailey   | Killed an orc knight
 11703 | Bailey   | Noticed an orc warlord
 11704 | Bailey   | Noticed an orc knight
 12020 | D:10     | Noticed Joseph
 12029 | D:10     | Killed Joseph
 12086 | D:10     | Noticed a two-headed ogre
 12094 | D:10     | Killed a two-headed ogre
 12095 | D:10     | Reached skill level 5 in Armour
 12095 | D:10     | Reached skill level 5 in Spellcasting
 12464 | D:11     | Found a gate leading to a gauntlet.
 12469 | Gauntlet | Entered a Gauntlet
 12469 | Gauntlet | Found a transporter.
 12481 | Gauntlet | Found a transporter.
 12486 | Gauntlet | Noticed a tengu warrior
 12494 | Gauntlet | Found a transporter.
 12494 | Gauntlet | Reached ****** piety under Hepliaklqana
 12499 | Gauntlet | Found a transporter.
 12500 | Gauntlet | Noticed a hell hog
 12515 | Gauntlet | Found a transporter.
 12534 | Gauntlet | Found a transporter.
 12546 | Gauntlet | Found a transporter.
 12555 | Gauntlet | Noticed a dire elephant
 12555 | Gauntlet | Noticed a wizard
 12556 | Gauntlet | Noticed a wizard
 12558 | Gauntlet | Found a transporter.
 12568 | Gauntlet | Noticed a ghost crab
 12570 | Gauntlet | Found a transporter.
 12582 | Gauntlet | Found a transporter.
 12599 | Gauntlet | Found a transporter.
 12617 | Gauntlet | Found a transporter.
 12619 | Gauntlet | Found a transporter.
 12644 | Gauntlet | Found a transporter.
 12644 | Gauntlet | Noticed a catoblepas
 12646 | Gauntlet | Found a transporter.
 12666 | Gauntlet | Found a transporter.
 12764 | Gauntlet | Found a transporter.
 12887 | Gauntlet | Gained mutation: You have a pair of horns on your head.
                  | [demonic ancestry]
 12887 | Gauntlet | Reached XP level 12. HP: 48/97 MP: 18/20
 12888 | Gauntlet | Killed a catoblepas
 13023 | Gauntlet | Found a transporter.
 13025 | Gauntlet | Identified the +1 helmet of the Terrible God {Int+4}
 13057 | Gauntlet | Killed a tengu warrior
 13345 | Gauntlet | Slain by an elephant

Illustrated notes

Levels and vault maps discovered:
D:1:      onia_arrival_mini_spirals, layout_loops_ring
D:2:      layout_basic, dreamdust_ecumenical_altar_angels_and_demons
D:3:      layout_loops_corners, nicolae_overflow_ecumenical_swirl, hex_tiny,
          uniq_jessica, uniq_natasha
D:4:      layout_cave_pools, gammafunk_ghost_necromancy, uniq_ijyb, uniq_robin,
          uniq_sigmund
D:5:      layout_rooms, minmay_temple_entry_junction, grunt_decor_junction,
          uniq_pikel, uniq_grinder, uniq_blork_the_orc
D:6:      layout_layer_cave, mainiacjoe_overflow_surrounded_room,
          vehumet_statue, minmay_ruined_shrine
D:7:      layout_layer_cave, lightli_orcish_oven
D:8:      minmay_blocky_corners, layout_basic, minmay_misc_feat_roman,
          kennysheep_minor_cross, grunt_ministairs_2,
          nicolae_shop_i_like_big_books, st_stairs_1, corexii_corridor_pit
D:9:      layout_roguey, orc_david_3, uniq_maggie
D:10:     layout_long_grid, enter_bailey_3, kennysheep_another_room,
          uniq_fannar, uniq_joseph
D:11:     layout_long_grid, david_lair_generic, gauntlet_entry_generic,
          nicolae_elevator_lobby_plus
Gauntlet: gammafunk_gauntlet_one_two_three
          [gammafunk_gauntlet_arena_split_diamond,
          gammafunk_gauntlet_arena_arrow_garden,
          gammafunk_gauntlet_arena_spirals, gammafunk_gauntlet_arena_crates,
          nicolae_gauntlet_arena_quarters, gammafunk_gauntlet_arena_split_x,
          nicolae_gauntlet_arena_grate_2, gammafunk_gauntlet_arena_teeth,
          gammafunk_gauntlet_arena_mazey, gauntlet_exit_hidden_loot]

Skill      XL: |  1  2  3  4  5  6  7  8  9 10 11 |
---------------+----------------------------------+-----
Fighting       | 4 5 6 8 9 12 14 | 14.4
Staves         | 1 5 8 |  8.7
Armour         | 3 5 |  5.0
Dodging        | 4 6 |  6.3
Spellcasting   | 3 5 |  5.6
Stealth        | |  1.7
Unarmed Combat | |  2.6

Action                   |  1- 3 |  4- 6 |  7- 9 | 10-12 || total
-------------------------+-------+-------+-------+-------++-------
Melee: Unarmed           |   164 |    59 |       |       ||   223
       Punch             |     2 |     3 |     1 |       ||     6
       Touch             |     8 |     8 |     3 |       ||    19
       Morningstar       |       |    24 |    25 |       ||    49
       Halberd           |       |       |   114 |       ||   114
       Quarterstaff      |       |       |     5 |   271 ||   276
       Headbutt          |       |       |       |    47 ||    47
 Fire: Sling             |       |       |       |     3 ||     3
Throw: Dart              |       |       |       |    10 ||    10
Invok: Ancestor Life: Ba |     1 |       |       |       ||     1
       Recall Ancestor   |       |     1 |     3 |     5 ||     9
  Use: Scroll            |       |    11 |     4 |     5 ||    20
       Potion            |       |     1 |     1 |     3 ||     5
 Stab: Sleeping          |     5 |       |       |     2 ||     7
       Distracted        |       |       |     5 |     6 ||    11
Armor: Robe              |    21 |       |       |       ||    21
       Chain mail        |    18 |    69 |   100 |    26 ||   213
       Acid dragon scale |       |       |       |    21 ||    21
       Steam dragon scal |       |       |       |    33 ||    33
Dodge: Dodged            |    88 |    31 |    33 |   201 ||   353

Table legend: (Time is in decaauts)
 A = Elapsed time spent in this place.
 B = Non-inter-level travel time spent in this place.
 C = Inter-level travel time spent in this place.
 D = Time resting spent in this place.
 E = Time spent auto-exploring this place.
 F = Levels seen in this place.
 G = Mean time per level.
                   A        B        C        D        E       F      G
               +--------+--------+--------+--------+--------+-----+--------+
         Total |  13429 |  13062 |    367 |   2690 |   8184 |  13 | 1033.0 |
       Dungeon |  11820 |  11453 |    367 |   1801 |   7788 |  11 | 1074.5 |
        Bailey |    735 |    735 |      0 |    517 |     99 |   1 |  735.0 |
      Gauntlet |    873 |    873 |      0 |    372 |    297 |   1 |  873.0 |
               +--------+--------+--------+--------+--------+-----+--------+

Top non-repeatable levels by time:
     D:7: 2071 daAuts
     D:8: 1546 daAuts
     D:6: 1496 daAuts
     D:3: 1327 daAuts
    D:10: 992 daAuts
     D:1: 973 daAuts
     D:4: 896 daAuts
Gauntlet: 873 daAuts
     D:9: 866 daAuts
     D:5: 813 daAuts
  Bailey: 735 daAuts
     D:2: 539 daAuts
    D:11: 295 daAuts
